 Dungeon Crawl Stone Soup version 0.16-a0-3913-g9d9d7ce (webtiles) character file.

93 HungrySpirit the Magician (level 4, -3/35 HPs)
             Began as a Demigod Wanderer on Feb 4, 2015.
             Slain by a gnoll
             ... wielding a +0 halberd
              (14 damage)
             ... on level 2 of the Dungeon.
             The game lasted 00:13:32 (3546 turns).

HungrySpirit the Magician (Demigod Wanderer)        Turns: 3546, Time: 00:13:32

Health: -3/35      AC:  4    Str: 16    XL:     4   Next: 15%
Magic:  10/12      EV: 11    Int: 17    God:
Gold:   85         SH:  0    Dex: 15    Spells: 2 memorised, 6 levels left

rFire  . . .     SeeInvis .     u - +0 quarterstaff
rCold  . . .     Clarity  .     o - +0 leather armour
rNeg   . . .     SustAb   +     (no shield)
rPois  .         Gourm    .     (no helmet)
rElec  .         Spirit   .     (no cloak)
rCorr  .         Warding  .     e - +0 pair of gloves (curse)
rMut   .         Stasis   .     (no boots)
MR     .....                    (no amulet)
Stlth  +.........               (no ring)
                                (no ring)

@: very slightly contaminated, not resistant to hostile enchantments, very
unstealthy
A: sustain abilities
a: no special abilities


You were on level 2 of the Dungeon.
You were not hungry.

You visited 1 branch of the dungeon, and saw 2 of its levels.

You collected 85 gold pieces.

Inventory:

Hand weapons
 u - a +0 quarterstaff (weapon)
Missiles
 j - 10 stones (quivered)
 p - 22 poisoned needles
 q - 18 bolts
Armour
 e - a cursed +0 pair of gloves (worn)
 g - a +0 large shield
 o - a +0 leather armour (worn)
Scrolls
 b - 2 scrolls of blinking {unknown}
 h - a scroll of remove curse {unknown}
 i - a scroll of teleportation {unknown}
 l - 2 scrolls of recharging {unknown}
 t - a scroll of fear {unknown}
Potions
 d - a potion of cure mutation {unknown}
 k - a potion of restore abilities {unknown}
 n - a potion of lignification
 r - a potion of flight {unknown}
 s - 2 potions of brilliance {unknown}
Books
 a - a book of Minor Magic

   Spells                             Type                      Level
   a - Magic Dart                     Conjuration                  1
   b - Blink                          Translocation                2
   c - Call Imp                       Summoning                    2
   d - Repel Missiles                 Charms/Air                   2
   e - Slow                           Hexes                        2
   f - Conjure Flame                  Conjuration/Fire             3
   g - Mephitic Cloud                 Conjuration/Poison/Air       3
 c - Sif Muna's Guide on Unholy Rites

   Spells                             Type                      Level
   a - Animate Skeleton               Necromancy                   1
   b - Sublimation of Blood           Necromancy                   2
Comestibles
 f - 2 bread rations
 v - a chunk of flesh


   Skills:
 - Level 1.0 Fighting
 - Level 1.0 Throwing
 + Level 3.3 Spellcasting
 + Level 2.0 Conjurations
   Level 1.7 Charms
 * Level 1.4 Summonings
   Level 1.7 Necromancy
   Level 1.0 Fire Magic
   Level 1.0 Evocations


You had 6 spell levels left.
You knew the following spells:

 Your Spells              Type           Power        Failure   Level  Hunger
a - Magic Dart            Conj           #...         12%         1    None
b - Call Imp              Summ           #.......     21%         2    ##.....


Dungeon Overview and Level Annotations

Branches:
Dungeon (2/15)


Innate Abilities, Weirdness & Mutations

Your attributes are resistant to harm.


Message History

The gnoll is severely wounded.
The gnoll struggles to escape the net. x2
The gnoll breaks free.
You hit the gnoll.
The gnoll is almost dead.
The gnoll hits you with a halberd.
You barely miss the gnoll.
The gnoll is almost dead.
The gnoll hits you with a halberd!
* * * LOW HITPOINT WARNING * * *
You barely miss the gnoll.
The gnoll is almost dead.
The gnoll hits you but does no damage.
You hit the gnoll but do no damage.
The gnoll is almost dead.
The gnoll barely misses you.
Your leather armour prevents you from hitting the gnoll.
The gnoll is almost dead.
The gnoll hits you with a halberd!
You die...

#.)....... #.# #.#### #[...#
## ####.# . .# ##### #.# g..#
.# #...# #.# ... .# #...# #g#
#... .# #...# #@# #...# .#
#...# #.# #.#.# .#
.###...#########.####.#.##.#
.)...........................
.#..........)....###.....#.#
.#.#...######....###.....#
.#.##### #............#
'#.##### #........)...#####
.......# #....####.........


You could see a gnoll.

Vanquished Creatures
  2 gnolls (D:2)
  An adder (D:2)
  2 worms (D:2)
  A giant mite (D:2)
  2 giant geckos (D:1)
  2 oozes
  An orc (D:2)
  4 giant cockroaches
  7 hobgoblins
  4 kobolds
  3 bats
  8 giant newts
  5 goblins
  3 jackals (D:2)
  6 rats
51 creatures vanquished.

Notes
Turn   | Place    | Note
--------------------------------------------------------------
     0 | D:1      | HungrySpirit, the Demigod Wanderer, began the quest for the Orb.
     0 | D:1      | HungrySpirit set off with: a book of Minor Magic, a potion of lignification, Sif Muna's Guide on Unholy Rites, a +0 robe, a +0 club, a bread ration
     0 | D:1      | Reached XP level 1. HP: 14/14 MP: 4/4
     2 | D:1      | Identified Sif Muna's Guide on Unholy Rites
     4 | D:1      | Learned a level 1 spell: Magic Dart
   637 | D:1      | HP: 1/22 [hobgoblin (3)]
   640 | D:1      | Reached skill level 1 in Conjurations
  1111 | D:1      | Reached XP level 2. HP: 8/22 MP: 0/6
  1853 | D:1      | Reached skill level 3 in Spellcasting
  2180 | D:2      | Reached skill level 1 in Fighting
  2180 | D:2      | Reached XP level 3. HP: 26/28 MP: 0/9
  2184 | D:2      | Learned a level 2 spell: Call Imp
  2648 | D:2      | Reached skill level 1 in Summonings
  3320 | D:2      | Reached XP level 4. HP: 22/35 MP: 1/12
  3546 | D:2      | Slain by a gnoll

Action                   |  1- 3 |  4- 6 || total
-------------------------+-------+-------++-------
Melee: Club              |    55 |       ||    55
       Mace              |    30 |       ||    30
       Quarterstaff      |    56 |    10 ||    66
Throw: Stone             |    13 |       ||    13
       Throwing net      |     3 |     1 ||     4
 Cast: Magic Dart        |   111 |       ||   111
       Call Imp          |     4 |     1 ||     5
  Use: Potion            |     1 |       ||     1
  Eat: Chunk             |     3 |       ||     3
       Beef jerky        |     1 |       ||     1
       Meat ration       |     1 |       ||     1
